 Dungeon Crawl Stone Soup version 0.28-a0-422-gd71735cc25 (webtiles) character file.

Game seed: 4555593156751992967

634 gruber the Firebug (level 7, -6/50 HPs)
             Began as a Hill Orc Fire Elementalist on Sept 8, 2021.
             Killed from afar by an orc wizard (11 damage)
             ... with a puff of flame
             ... on level 5 of the Dungeon.
             The game lasted 00:06:58 (6298 turns).

gruber the Firebug (Hill Orc Fire Elementalist)     Turns: 6298, Time: 00:06:59

Health: -6/50      AC:  4    Str: 11    XL:     7   Next: 49%
Magic:  3/13       EV: 12    Int: 17    God:
Gold:   301        SH:  0    Dex: 17    Spells: 7/14 levels left

rFire   . . .      SeeInvis .   t - staff of death
rCold   + . .      Faith    .   (no shield)
rNeg    + . .      Spirit   .   a - +0 robe
rPois   .          Reflect  .   h - +0 helmet
rElec   .          Harm     .   (no cloak)
rCorr   .          Rampage  .   (no gloves)
Will    .....                   f - +0 pair of boots
Stlth   ++........              (no amulet)
HPRegen 0.16/turn               q - ring of protection from cold
MPRegen 0.13/turn               w - +6 ring of dexterity

@: no status effects
A: no striking features
a: Convert to Beogh


You were on level 5 of the Dungeon.
You visited 1 branch of the dungeon, and saw 5 of its levels.

You collected 301 gold pieces.

Inventory:

Armour
 a - a +0 robe (worn)
 f - a +0 pair of boots (worn)
 h - a +0 helmet (worn)
Magical Staves
 t - a staff of death (weapon)
Jewellery
 q - a ring of protection from cold (left hand)
 w - a +6 ring of dexterity (right hand)
Wands
 n - a wand of paralysis (11)
Scrolls
 d - 2 scrolls of identify {unknown}
 l - a scroll of vulnerability {unknown}
 m - 3 scrolls of enchant armour {unknown}
 o - a scroll of immolation {unknown}
 r - a scroll of enchant weapon {unknown}
 s - a scroll of fog {unknown}
 u - a scroll of summoning {unknown}
 v - a scroll of teleportation {unknown}
Potions
 b - 2 potions of lignification {unknown}
 c - 2 potions of berserk rage {unknown}
 e - a potion of degeneration {unknown}
 g - 2 potions of heal wounds {unknown}
 i - a potion of curing {unknown}
 j - a potion of attraction {unknown}
 k - a potion of mutation {unknown}
 p - a potion of brilliance {unknown}


   Skills:
 - Level 1.5 Dodging
 - Level 1.5 Stealth
 + Level 4.0 Spellcasting
 + Level 3.8 Conjurations
 + Level 6.2 Fire Magic


You had 7 spell levels left.
You knew the following spells:

 Your Spells              Type           Power      Damage    Failure   Level
a - Foxfire               Conj/Fire      80%        2x1d8     1%          1
b - Scorch                Fire           48%        2d7       1%          2
c - Flame Wave            Conj/Fire      20%        3d6       21%         4

Your spell library contained the following spells:

 Spells                   Type           Power      Damage    Failure   Level
 Magic Dart               Conj           64%        1d6       3%          1
 Conjure Flame            Conj/Fire      20%        6-21      6%          3
 Static Discharge         Conj/Air       9%         N/A       11%         2
 Inner Flame              Hex/Fire       13%        N/A       13%         3
 Call Imp                 Summ           3%         N/A       24%         2
 Mephitic Cloud           Conj/Pois/Air  7%         N/A       28%         3
 Fulminant Prism          Conj/Hex       4%         3d6       56%         4
 Iskenderun's Mystic Bla  Conj/Tloc      9%         2d4       56%         4
 Lightning Bolt           Conj/Air       4%         1d16      89%         5
 Lee's Rapid Deconstruct  Erth           1%         3d5*      99%         5
 Maxwell's Capacitive Co  Air            1%         ∞         100%        8


Dungeon Overview and Level Annotations

Branches:
Dungeon (5/15)
 Temple: D:4-7

Altars:
Elyvilon
The Shining One

Shops:
D:2 ?   D:3 (

Annotations:
D:4 4 runed translucent doors


Message History

The orc wizard is severely wounded.
The foxfire hits the orc wizard.
You kill the orc wizard!
You conjure some foxfire!
The foxfire hits the orc.
The orc is almost dead.
The foxfire hits the orc.
You kill the orc!
An orc wizard comes into view. It is wielding a +0 dagger.
You conjure some foxfire!
The orc priest shouts, "Surrender to Beogh and we'll let you live!"
The foxfire hits the orc.
The orc is almost dead.
The foxfire hits the orc!
You kill the orc!
The orc priest mumbles some strange prayers to Beogh against you.
Beogh smites you!
The orc wizard mumbles some strange words.
The orc wizard flickers and vanishes!
Deactivating autopickup; reactivate with Ctrl-A.
Unknown command.
You conjure some foxfire!
The foxfire hits something. x2
An orc comes into view. It is wielding a +0 hand axe.
The orc priest calls down the wrath of Beogh upon you.
Beogh smites you!
You are too injured to fight recklessly!
You are too injured to fight recklessly!
Unknown command.
Unknown command.
The foxfire hits something but does no damage. x2
A magic dart appears from out of thin air!
The magic dart hits you.
* * * LOW HITPOINT WARNING * * *
There is an open door here.
Unknown command.
A magic dart appears from out of thin air!
The magic dart hits you!
* * * LOW HITPOINT WARNING * * *
A puff of flame appears from out of thin air!
The puff of flame hits you!
You die...

.........###########.#
.......†.####### #.#
...............> #.#
#.#.############ #.#
#.#....# #.#
#.#....##### #.#
#.#....'...#########.#
#.#....##..o.......#.#
#+#.o^.##...{...@..#.#
).....###..........'.#
...o.†# #..........###
.)....# #..........#
).....# #..........#
......# ############
....... ..$..###
#....#


You could see an orc priest.

Vanquished Creatures
  A sky beast (D:4)
  An ogre (D:4)
  A scorpion (D:4)
  A hound (D:4)
  A jelly (D:4)
  2 orc priests (D:4)
  A centaur skeleton (D:4)
  A gnoll shaman (D:4)
  An iguana (D:4)
  An orc wizard (D:5)
  6 adders
  An ufetubus (D:5)
  An adder zombie (D:4)
  A worm (D:2)
  A dart slug (D:4)
  13 orcs
  5 bats
  4 endoplasms
  3 giant cockroaches
  5 goblins
  13 hobgoblins
  5 jackals
  5 quokkas
  4 ball pythons
  A frilled lizard (D:3)
  7 kobolds
  7 rats
93 creatures vanquished.

Vanquished Creatures (others)
  382 foxfires
382 creatures vanquished.

Grand Total: 475 creatures vanquished

Notes
Turn   | Place    | Note
-------+----------+-------------------------------------------
     0 | D:1      | gruber the Hill Orc Fire Elementalist began the quest for
                  | the Orb.
     0 | D:1      | Reached XP level 1. HP: 14/14 MP: 3/3
   440 | D:1      | Reached XP level 2. HP: 8/20 MP: 0/4
  1463 | D:2      | Reached XP level 3. HP: 26/26 MP: 1/6
  1527 | D:2      | Reached skill level 4 in Fire Magic
  1610 | D:2      | Found a faded altar of an unknown god.
  2531 | D:2      | Found Fuinos's Magic Scroll Boutique.
  2663 | D:3      | Reached XP level 4. HP: 33/33 MP: 4/7
  2716 | D:3      | Found Zoxtef's Antique Weapon Shoppe.
  3960 | D:4      | Found a large runed translucent door.
  3960 | D:4      | Found a large runed translucent door.
  3963 | D:4      | Noticed a centaur
  4014 | D:4      | Found a large runed translucent door.
  4014 | D:4      | Found a large runed translucent door.
  4164 | D:4      | Reached XP level 5. HP: 18/38 MP: 3/9
  4395 | D:4      | Learned a level 2 spell: Scorch
  4400 | D:4      | Learned a level 4 spell: Flame Wave
  4809 | D:4      | Noticed an ogre
  4833 | D:4      | Killed an ogre
  4834 | D:4      | Reached skill level 5 in Fire Magic
  4834 | D:4      | Reached XP level 6. HP: 24/45 MP: 2/10
  4952 | D:4      | Noticed a sky beast
  4959 | D:4      | Killed a sky beast
  5225 | D:4      | Reached XP level 7. HP: 41/50 MP: 7/12
  5445 | D:4      | Found a glowing golden altar of the Shining One.
  5538 | D:4      | Found a white marble altar of Elyvilon.
  5838 | D:4      | Reached skill level 6 in Fire Magic
  6016 | D:5      | Entered Level 5 of the Dungeon
  6298 | D:5      | Killed from afar by an orc wizard

Illustrated notes

Levels and vault maps discovered:
D:1:      dpeg_arrival_chambers_temple_mockup, layout_basic
D:2:      layout_rooms, serial_shops, shop,
          shapermc_ecumenical_altar_notcrosses, serial_curves, eino_curves_02,
          eino_curves_04, minmay_pentomino_pile
D:3:      layout_basic, serial_shops, shop_statue,
          minmay_fractal_squares_gapless_5
D:4:      layout_loops_corners, mainiacjoe_overflow_two_lobes,
          minmay_strange_pillars, minmay_hollow_rounded_squares
D:5:      layout_basic, mainiacjoe_overflow_six_doors_small,
          minmay_temple_entry_junction_2, portal_sewer_entry_e

Skill      XL: |  1  2  3  4  5  6  7 |
---------------+----------------------+-----
Spellcasting   | 2 3 4 |  4.0
Fire Magic     | 4 5 6 |  6.2
Conjurations   | 2 3 |  3.8
Dodging        | |  1.5
Stealth        | |  1.5

Action                   |  1- 3 |  4- 6 |  7- 9 || total
-------------------------+-------+-------+-------++-------
Melee: Unarmed           |    31 |    15 |       ||    46
       Staff             |       |       |     1 ||     1
 Cast: Foxfire           |   100 |   102 |    28 ||   230
       Scorch            |       |     5 |    13 ||    18
Armor: Robe              |    17 |    22 |     2 ||    41
Dodge: Dodged            |    62 |    46 |     4 ||   112

Table legend: (Time is in decaauts)
 A = Elapsed time spent in this place.
 B = Non-inter-level travel time spent in this place.
 C = Inter-level travel time spent in this place.
 D = Time resting spent in this place.
 E = Time spent auto-exploring this place.
 F = Levels seen in this place.
 G = Mean time per level.
                   A        B        C        D        E       F      G
               +--------+--------+--------+--------+--------+-----+--------+
         Total |   6298 |   6158 |    140 |      0 |   5314 |   5 | 1259.6 |
       Dungeon |   6298 |   6158 |    140 |      0 |   5314 |   5 | 1259.6 |
               +--------+--------+--------+--------+--------+-----+--------+

Top non-repeatable levels by time:
     D:4: 2119 daAuts
     D:1: 1342 daAuts
     D:2: 1319 daAuts
     D:3: 1235 daAuts
     D:5: 282 daAuts
